 Dungeon Crawl Stone Soup version 0.16.2-12-gd0ad4c3 (webtiles) character file.

7153 hannobal the Spear-Bearer (level 11, 0/81 HPs)
             Began as a Formicid Fighter on Oct 6, 2015.
             Was a Follower of Ru.
             Slain by Britaniac's ghost (7 damage)
             ... on level 9 of the Dungeon.
             The game lasted 00:52:29 (14275 turns).

hannobal the Spear-Bearer (Formicid Fighter)       Turns: 14275, Time: 00:52:29

Health: 0/81       AC: 12    Str: 30    XL:     11   Next: 31%
Magic:  17/17      EV: 10    Int:  7    God:    Ru [*.....]
Gold:   433        SH:  5    Dex: 10    Spells: 0 memorised, 10 levels left

rFire  + . .     SeeInvis +     a - +0 halberd
rCold  . . .     Clarity  .     k - +1 scale mail {rC+}
rNeg   . . .     SustAb   .     E - +0 buckler
rPois  +         Gourm    .     (helmet unavailable)
rElec  .         Spirit   .     m - +2 cloak
rCorr  .         Warding  .     (no gloves)
rMut   .         Stasis   +     T - +0 pair of boots
MR     +....                    t - amulet of faith
Stlth  ..........               M - ring of fire
                                q - ring of poison resistance

@: mighty, somewhat resistant to hostile enchantments, extremely unstealthy
A: permanent stasis, dig shafts and tunnels, four strong arms, antennae 3,
unskilled 1
a: Dig, Shaft Self, Renounce Religion


You were on level 9 of the Dungeon.
You worshipped Ru.
Ru was aware of your devotion.
You were not hungry.

You visited 2 branches of the dungeon, and saw 10 of its levels.

You collected 433 gold pieces.

Inventory:

Hand weapons
 a - a +0 halberd (weapon)
 b - a +0 hunting sling
 w - a +1 whip of electrocution
 D - a +2 flail of protection
 G - a +0 trident
 H - a +0 hand crossbow
Missiles
 f - 39 poisoned needles
 g - 43 tomahawks (quivered)
 h - 371 stones
 j - 123 arrows
 l - 5 needles of slowing
 n - 30 bolts
 s - 7 arrows of frost
 z - 20 sling bullets
Armour
 c - a +1 shield
 k - a +1 scale mail of cold resistance (worn)
 m - a +2 cloak (worn)
 u - a +0 plate armour
 E - a +0 buckler (worn)
 O - a +0 robe of magic resistance
 T - a +0 pair of boots (worn)
Magical staves
 P - an uncursed staff of energy {@w1}
Jewellery
 q - a ring of poison resistance (left hand)
 t - an amulet of faith (around neck)
 M - a ring of fire (right hand)
Magical devices
 o - a wand of confusion (0)
 v - a wand of frost (15)
 y - a wand of fire (0)
 K - a wand of slowing (15)
 L - a wand of cold (2)
 N - a wand of teleportation (7)
 Q - a wand of lightning (4)
 S - a wand of teleportation (3)
Scrolls
 i - 6 scrolls of identify
 r - 3 scrolls of remove curse
 x - 2 scrolls of fear
 J - 3 scrolls of magic mapping
Potions
 e - a potion of might
 A - 2 potions of resistance
 F - a potion of cancellation
Comestibles
 d - 7 bread rations {@e1}
 p - 2 meat rations {@e2}
 B - a beef jerky
 C - 9 slices of pizza


   Skills:
 - Level 5.7 Fighting
 + Level 13.5 Polearms
 - Level 4.4 Armour
 - Level 0.8 Dodging
 - Level 5.0 Shields
 - Level 1.4 Evocations


You had 10 spell levels left.
You didn't know any spells.

Dungeon Overview and Level Annotations

Branches:
Dungeon (9/15)             Temple (1/1) D:5             Orc (0/4) D:9
   Lair: D:8-11

Altars:
Ashenzari
Cheibriados
Dithmenos
Elyvilon
Fedhas
Gozag
Kikubaaqudgha
Makhleb
Nemelex Xobeh
Okawaru
Qazlal
Ru
Sif Muna
Trog
Vehumet
Xom
Yredelemnul
Zin
The Shining One
Lugonu

Shops:
D:9 (

Annotations:
D:8 exclusion: oklob plant
D:9 exclusion: upstairs, Britaniac's ghost, experienced HEFE


Innate Abilities, Weirdness & Mutations

You are under a permanent stasis effect.
You can dig through walls and to a lower floor.
Your four strong arms can wield two-handed weapons with a shield.
You have a pair of large antennae on your head (SInv).
You are somewhat unskilled (-1 Apt).


Message History

You miss Britaniac's ghost.
Britaniac's ghost is almost destroyed.
Britaniac's ghost hits you.
* * * LOW HITPOINT WARNING * * *
You hit Britaniac's ghost.
Britaniac's ghost is almost destroyed.
Britaniac's ghost casts a spell at you. The flame tongue hits you! You resist.
* * * LOW HITPOINT WARNING * * *
You hit Britaniac's ghost but do no damage.
Britaniac's ghost is almost destroyed.
You feel sick.
You are no longer poisoned.
Britaniac's ghost gestures at you while chanting.
The magic dart hits you!
* * * LOW HITPOINT WARNING * * *
Drink which item? (? for menu, Esc to quit)
You feel very mighty all of a sudden. Britaniac's ghost hits you!
You die...

####### ## ##.....# # ## ..
##..#..## ### .# ##..##
#.###.####..####@# ###.# ......
#.#..####..#.##W## ...# #.....
#..####...#..##{##..## #..#..
##.####...###.###.....# ##..#..
#..###...####.....##W..####..##..
#..##......รท......###....#...##..
#..................###...........
.......#.###........###..####....
#....####.##.....##..#..## ###..


You could see Britaniac's ghost.

Vanquished Creatures
  Pikel (D:5)
  Maurice (D:8)
  A trapdoor spider zombie (D:8)
  The ghost of Charly the Chopper, an average GrBe of Trog (D:7)
  6 yaks
  A hog (D:7)
  3 hippogriffs
  Eustachio (D:6)
  A hungry ghost (D:9)
  A human (D:7)
  A black bear (D:6)
  An ice beast (D:5)
  A wasp (D:8)
  A centaur (D:8)
  5 orc warriors
  A necrophage (D:8)
  A sky beast (D:9)
  4 ogres
  Sigmund (D:7)
  Duvessa (D:6)
  A big kobold (D:6)
  8 giant frogs
  A gnoll sergeant (D:6)
  A water moccasin skeleton (D:6)
  2 scorpions
  4 killer bees (D:7)
  5 wights (D:6)
  Dowan (D:6)
  4 crimson imps
  A goliath beetle (D:6)
  4 hounds
  A centaur zombie (D:9)
  A jelly (D:8)
  Crazy Yiuf (D:3)
  6 orc wizards
  6 orc priests
  A giant frog skeleton (D:6)
  2 iguanas
  3 sheep
  6 worker ants
  A killer bee zombie (D:6)
  Ijyb (D:6)
  2 hound skeletons
  Robin (D:4)
  6 gnolls
  9 adders
  A river rat (D:6)
  2 shadow imps
  A white imp (D:6)
  A giant mite (D:3)
  2 worms
  An ufetubus (D:6)
  An adder zombie (D:7)
  An adder skeleton (D:5)
  10 giant geckos
  59 orcs
  A bat zombie (D:7)
  7 giant cockroaches
  12 hobgoblins
  10 jackals
  19 kobolds
  2 ball pythons
  19 bats
  A giant gecko skeleton (D:4)
  4 giant newts
  A giant spore (D:5)
  26 goblins
  7 quokkas
  2 quokka zombies
  16 rats
  A butterfly (D:7)
  A fungus (D:3)
321 creatures vanquished.

Vanquished Creatures (others)
  A slave (D:5)
  An ogre (D:5)
  A giant frog (D:5)
  A scorpion (D:5)
  A crimson imp (D:5)
  An orc (D:9)
  A giant cockroach (D:5)
7 creatures vanquished.

Grand Total: 328 creatures vanquished

Notes
Turn   | Place    | Note
--------------------------------------------------------------
     0 | D:1      | hannobal, the Formicid Fighter, began the quest for the Orb.
     0 | D:1      | Reached XP level 1. HP: 18/18 MP: 1/1
   131 | D:1      | Reached XP level 2. HP: 24/24 MP: 3/3
   562 | D:1      | Reached XP level 3. HP: 24/29 MP: 4/4
  1062 | D:2      | Found an opulent altar of Gozag.
  1585 | D:2      | Reached XP level 4. HP: 35/35 MP: 5/5
  1833 | D:3      | Reached skill level 4 in Polearms
  2039 | D:3      | Reached skill level 1 in Dodging
  2682 | D:3      | Reached XP level 5. HP: 4/41 MP: 7/7
  3357 | D:3      | Noticed Crazy Yiuf
  3368 | D:3      | Killed Crazy Yiuf
  3368 | D:3      | Reached skill level 5 in Polearms
  3686 | D:3      | Reached XP level 6. HP: 37/47 MP: 8/8
  3770 | D:4      | Found a glowing golden altar of the Shining One.
  3786 | D:4      | Found a shadowy altar of Dithmenos.
  3793 | D:4      | Found a bloodstained altar of Trog.
  3796 | D:4      | Found a white marble altar of Elyvilon.
  3801 | D:4      | Reached skill level 6 in Polearms
  4076 | D:4      | Found a stormy altar of Qazlal.
  4294 | D:4      | Noticed Robin
  4341 | D:4      | Killed Robin
  4621 | D:5      | Entered Level 5 of the Dungeon
  4636 | D:5      | Reached skill level 1 in Evocations
  4652 | D:5      | Found a staircase to the Ecumenical Temple.
  4674 | Temple   | Entered the Ecumenical Temple
  4724 | Temple   | Became a worshipper of Ru the Awakened
  4831 | D:5      | Reached XP level 7. HP: 40/52 MP: 10/10
  4902 | D:5      | Found a glowing silver altar of Zin.
  4960 | D:5      | Found a radiant altar of Vehumet.
  5017 | D:5      | Noticed a slave
  5023 | D:5      | Noticed Pikel
  5023 | D:5      | Noticed a slave
  5036 | D:5      | Noticed a slave
  5041 | D:5      | Killed Pikel
  5041 | D:5      | Reached skill level 8 in Polearms
  5041 | D:5      | Reached XP level 8. HP: 34/58 MP: 13/13
  5082 | D:5      | Noticed a freed slave
  5747 | D:6      | Reached skill level 9 in Polearms
  5889 | D:5      | Found an opulent altar of Gozag.
  5889 | D:5      | Found a basalt altar of Yredelemnul.
  5973 | D:6      | HP: 4/87 [something/puff of flame (7)]
  6524 | D:6      | Noticed Duvessa
  6526 | D:6      | Noticed Dowan
  6549 | D:6      | Killed Duvessa
  6886 | D:6      | Killed Dowan
  6886 | D:6      | Reached skill level 10 in Polearms
  7005 | D:6      | Reached XP level 9. HP: 49/64 MP: 14/14
  7334 | D:6      | Noticed Ijyb
  7369 | D:6      | Killed Ijyb
  7492 | D:6      | Reached skill level 5 in Shields
  7501 | D:6      | Reached skill level 11 in Polearms
  7654 | D:6      | Noticed Eustachio
  7655 | D:6      | Found a shattered altar of Ashenzari.
  8024 | D:6      | Killed Eustachio
  8349 | D:6      | Reached skill level 12 in Polearms
  8625 | D:6      | Found a blossoming altar of Fedhas.
  8706 | D:7      | Reached XP level 10. HP: 62/70 MP: 15/15
  9393 | D:7      | Noticed Sigmund
  9399 | D:7      | Killed Sigmund
  9461 | D:7      | Noticed Charly's ghost (average GrBe)
  9544 | D:5      | Killed a freed slave
  9588 | D:7      | Killed Charly's ghost
  9588 | D:7      | Reached skill level 13 in Polearms
 10929 | D:8      | Noticed an oklob plant
 10933 | D:8      | Noticed Maurice
 10967 | D:8      | Killed Maurice
 10967 | D:8      | Reached skill level 5 in Fighting
 11636 | D:8      | Gained mutation: You are somewhat unskilled (-1 Apt). [Ru sacrifice]
 11636 | D:8      | Reduced skill Fighting to level 5
 11636 | D:8      | Reduced skill Polearms to level 12
 11636 | D:8      | Acquired Ru's first power
 11643 | D:8      | Reached skill level 5 in Shields
 12165 | D:8      | Found a white marble altar of Elyvilon.
 12287 | D:8      | Reached XP level 11. HP: 51/81 MP: 17/17
 12745 | D:7      | Reached skill level 13 in Polearms
 13430 | D:9      | Found a shadowy altar of Dithmenos.
 13776 | D:9      | Found a staircase to the Orcish Mines.
 13886 | D:9      | Found Kloin's Weapon Shop.
 14210 | D:9      | Noticed Britaniac's ghost (experienced HEFE)
 14275 | D:9      | Slain by Britaniac's ghost

Action                   |  1- 3 |  4- 6 |  7- 9 | 10-12 || total
-------------------------+-------+-------+-------+-------++-------
Melee: Trident           |   124 |   393 |   230 |   224 ||   971
       Spear             |       |       |   216 |       ||   216
       Halberd           |       |       |   153 |   423 ||   576
 Fire: Hunting sling     |       |       |     2 |       ||     2
Throw: Tomahawk          |       |     1 |    14 |     4 ||    19
Invok: Reject Sacrifices |       |       |     1 |       ||     1
       Sacrifice Skill   |       |       |       |     1 ||     1
 Abil: Dig               |       |     2 |    16 |    21 ||    39
Evoke: Wand              |       |       |     5 |     2 ||     7
  Use: Scroll            |     5 |     5 |     3 |     4 ||    17
       Potion            |     4 |     5 |     2 |     3 ||    14
 Stab: Distracted        |       |       |       |     2 ||     2
  Eat: Chunk             |     2 |    10 |    11 |    20 ||    43
       Pizza             |       |     1 |     1 |       ||     2
       Royal jelly       |       |       |     1 |     1 ||     2
       Bread ration      |       |       |     1 |       ||     1
       Beef jerky        |       |       |       |     1 ||     1
